 Dungeon Crawl Stone Soup version 0.30-a0-422-g946f4849ff (webtiles) character file.

Game seed: 7074561014576198340

32 cforsyth the Chopper (level 3, -2/28 (34) HPs)
             Began as a Hill Orc Monk on Dec 9, 2022.
             Slain by Terence
             ... wielding the +7 Throatcutter {drain, coup de grace}
              (14 damage)
             ... on level 2 of the Dungeon.
             The game lasted 00:01:24 (930 turns).

cforsyth the Chopper (Hill Orc Monk)                 Turns: 930, Time: 00:01:25

HP:   -2/28 (34)    AC:  8    Str: 15    XL:     3   Next: 25%
MP:   3/3           EV:  6    Int: 10    God:
Gold: 63            SH:  0    Dex: 13    Spells: 2/2 levels left

rFire   . . .      SeeInvis .    a - +0 hand axe
rCold   . . .      Faith    .    (no shield)
rNeg    . . .      Spirit   .    e - +0 chain mail
rPois   .          Reflect  .    (no helmet)
rElec   .          Harm     .    (no cloak)
rCorr   .          Rampage  .    (no gloves)
Will    .....                    (no boots)
Stlth   ..........               (no amulet)
HPRegen 0.24/turn                (no ring)
MPRegen 0.08/turn                (no ring)

@: flying, heavily drained
A: no striking features
a: no special abilities


You were on level 2 of the Dungeon.
You visited 1 branch of the dungeon, and saw 2 of its levels.

You collected 63 gold pieces.

Inventory:

Hand Weapons
 a - a +0 hand axe (weapon)
Armour
 b - a +0 robe
 e - a +0 chain mail (worn)
Scrolls
 f - a scroll of fog {unknown}
 g - a scroll of noise {unknown}
 h - a scroll of identify {unknown}
 j - a scroll of blinking {unknown}
Potions
 c - a potion of ambrosia
 k - a potion of attraction {unknown}


   Skills:
 + Level 4.4 Fighting
 + Level 4.9 Axes
 - Level 2.4 Dodging
 - Level 1.5 Stealth


You had 2 spell levels left.
You didn't know any spells.
Your spell library contained the following spells:

 Spells                   Type           Power      Damage    Failure   Level
 Slow                     Hex            0%         N/A       100%        1
 Confusing Touch          Hex            0%         N/A       100%        3
 Vampiric Draining        Necr           0%         2d6       100%        3


Dungeon Overview and Level Annotations

Branches:
Dungeon (2/15)

Altars:

Annotations:
D:2 Terence


Message History

You kill the kobold!
You hit Terence but do no damage.
Terence hits you with the +7 Throatcutter {drain, coup de grace}.
You feel drained.
You hit Terence.
Terence is lightly wounded.
Terence hits you with the +7 Throatcutter {drain, coup de grace}!
You feel drained.
You barely miss Terence.
Terence is lightly wounded.
Terence hits you with the +7 Throatcutter {drain, coup de grace}!
You feel drained.
You are too injured to fight recklessly!
You are too injured to fight recklessly!
You hit Terence. Your punch misses Terence.
Terence is moderately wounded.
Terence closely misses you.
You hit Terence but do no damage.
Terence is moderately wounded.
Terence hits you with the +7 Throatcutter {drain, coup de grace}.
* * * LOW HITPOINT WARNING * * *
You feel drained.
You hit Terence but do no damage.
Terence is moderately wounded.
Terence hits you with the +7 Throatcutter {drain, coup de grace}.
* * * LOW HITPOINT WARNING * * *
You feel drained.
* * * LOW HITPOINT WARNING * * *
You hit Terence but do no damage.
Terence is moderately wounded.
Terence completely misses you.
Unknown command.
It was a potion of curing.
You feel better. Terence hits you but does no damage.
You feel drained.
It was a potion of flight.
You feel very buoyant.
You fly up into the air.
Terence hits you with the +7 Throatcutter {drain, coup de grace}!
Ouch! That really hurt!
You die...

........
#....!.
#.....#
###.....#####
#.........[..
#.......... #
#<# #
#..#.#.#.#
#.....@@.#
#.....).......
##....#.#####.
#...# #. ##..
## #.. #.. ..


You could see Terence.

Vanquished Creatures
  3 ball pythons (D:1)
  3 bats (D:1)
  3 endoplasms (D:1)
  2 giant cockroaches (D:1)
  2 goblins (D:1)
  2 hobgoblins (D:1)
  7 kobolds
  3 frilled lizards (D:1)
  4 rats (D:1)
29 creatures vanquished.

Notes
Turn   | Place    | Note
-------+----------+-------------------------------------------
     0 | D:1      | cforsyth the Hill Orc Monk began the quest for the Orb.
     0 | D:1      | Reached XP level 1. HP: 19/19 MP: 1/1
   117 | D:1      | Reached XP level 2. HP: 26/27 MP: 2/2
   501 | D:1      | Reached XP level 3. HP: 34/34 MP: 3/3
   917 | D:2      | Noticed Terence
   927 | D:2      | HP: 1/29 [Terence/the +7 Throatcutter {drain, coup de
                  | grace} (2)]
   930 | D:2      | Slain by Terence

Illustrated notes

Levels and vault maps discovered:
D:1:      lordsloth_arrival_two_stooges, layout_basic, chequers_garden,
          minmay_surrounded
D:2:      layout_loops_ring, uniq_sigmund, uniq_terence

Skill      XL: |  1  2 |
---------------+-------+-----
Fighting       | 4 |  4.4
Axes           | |  4.9
Dodging        | |  2.4
Stealth        | |  1.5

Action                   || total
-------------------------++-------
Melee: Hand axe          ||    86
  Use: Potion            ||     2
 Stab: Sleeping          ||     1
Armor: Robe              ||     7
       Chain mail        ||    23
Dodge: Dodged            ||    39

Table legend: (Time is in decaauts)
 A = Elapsed time spent in this place.
 B = Non-inter-level travel time spent in this place.
 C = Inter-level travel time spent in this place.
 D = Time resting spent in this place.
 E = Time spent auto-exploring this place.
 F = Levels seen in this place.
 G = Mean time per level.
                   A        B        C        D        E       F      G
               +--------+--------+--------+--------+--------+-----+--------+
         Total |    935 |    900 |     35 |      0 |    691 |   2 |  467.5 |
       Dungeon |    935 |    900 |     35 |      0 |    691 |   2 |  467.5 |
               +--------+--------+--------+--------+--------+-----+--------+

Top non-repeatable levels by time:
     D:1: 921 daAuts
     D:2: 14 daAuts
